Map: Ascension vers Aïur EC

Players

zidar

  • Race: Zerg Zerg
  • League: Gold
  • Spawn Location: 11:00

Hurut - Winner!

  • Race: Protoss Protoss
  • League: Platinum
  • Spawn Location: 5:00

VOD

Have the link to the VOD?

Description

Time

  • Played on: July 12, 2017, 11:17 a.m.
  • Length: 17:14
Show
View Real Time Build Order
Export as new Build Order

zidar Zerg 

Build Orders: Pool First 

Get SALT Encoding   

  12  0:01  Drone  
  13  0:12  Overlord  
  13  0:17  Drone  
  14  0:30  Drone x2  
  14  0:34  Drone  
  17  0:47  Spawning Pool  
  16  0:50  Drone  
  17  1:14  Hatchery  
  17  1:17  Drone  
  17  1:20  Extractor  
  17  1:25  Drone  
  17  1:39  Queen  
  19  1:42  Drone  
  20  1:52  Overlord  
  19  2:05  Drone  
  19  2:07  Drone  
  21  2:09  Drone  
  21  2:15  Queen  
  24  2:25  Metabolic Boost  
  24  2:29  Drone x2  
  26  2:36  Queen  
  28  2:52  Drone  
  28  2:53  Drone x4  
  33  2:58  Overlord  
  33  3:03  Drone  
  34  3:12  Roach Warren  
  33  3:21  Pneumatized Carapace  
  33  3:28  Extractor  
  33  3:33  Drone x7  
  39  3:37  Overlord  
  39  3:46  Lair  
  39  4:00  Extractor  
  39  4:02  Extractor  
  37  4:04  Drone x5  
  37  4:06  Overlord x2  
  42  4:34  Hatchery  
  42  4:36  Drone x2  
  42  4:37  Drone x6  
  42  4:38  Drone  
  50  4:52  Evolution Chamber  
  49  4:58  Evolution Chamber  
  48  5:03  Queen  
  50  5:12  Glial Reconstitution  
  50  5:22  Hydralisk Den  
  50  5:25  Zerg Ground Armor Level 1  
  50  5:27  Zerg Missile Weapons Level 1, Infestation Pit  
  48  5:36  Overlord  
  48  5:37  Overlord x2  
  48  5:42  Roach x6  
  53  6:30  Roach  
  53  6:31  Roach x11  
  75  6:46  Hydralisk  
  76  6:47  Hydralisk x5  
  85  6:55  Overseer  
  77  7:23  Hatchery  
  76  7:40  Lair  
  76  8:22  Ravager  
  77  8:27  Ravager  
  58  9:27  Ravager  
  57  9:38  Hatchery  
  57  9:43  Roach x12  
  57  9:45  Zergling x6  
  66  10:01  Zergling x12  
  33  11:42  Roach  
  33  11:43  Roach x11  
  57  11:53  Queen  
  59  12:05  Extractor x2  
  57  12:13  Zergling x22  
  68  12:16  Overseer  
  68  12:24  Drone x4  
  72  12:31  Overlord x2  
  72  13:05  Drone x4  
  72  13:06  Drone x6  
  72  13:07  Drone x2  
  84  13:14  Hive  
  84  13:19  Overlord x2  
  84  13:20  Overlord  
  84  13:23  Overseer  
  84  13:37  Hydralisk Den  
  83  14:07  Hydralisk  
  83  14:08  Hatchery, Hydralisk x11  
  106  14:30  Drone x2  
  106  14:31  Drone x6  
  114  14:39  Overlord  
  114  14:40  Overlord x3  
  58  15:31  Roach x5  
  58  15:32  Roach x13  
  81  15:43  Hydralisk  
  81  15:44  Hydralisk  
  81  15:57  Ravager  
  81  15:58  Ravager x8  
  81  16:03  Hydralisk x2  
  94  16:13  Lair  
  91  16:32  Ravager  
  91  16:35  Hydralisk x7  
  105  16:43  Extractor  
  105  16:45  Extractor  
Show
View Real Time Build Order
Export as new Build Order

Hurut Protoss - Winner!

Build Orders:  

Get SALT Encoding   

  12  0:02  Probe (Chrono Boost)  
  13  0:13  Probe (Chrono Boost)  
  14  0:19  Pylon  
  14  0:24  Probe (Chrono Boost)  
  15  0:37  Probe (Chrono Boost)  
  15  0:39  Gateway  
  16  0:48  Probe (Chrono Boost), Assimilator  
  17  0:58  Probe (Chrono Boost)  
  18  1:12  Gateway  
  18  1:14  Probe (Chrono Boost)  
  19  1:24  Probe (Chrono Boost)  
  20  1:27  Assimilator  
  20  1:31  Cybernetics Core  
  20  1:51  Probe (Chrono Boost)  
  21  2:06  Nexus  
  21  2:07  Probe (Chrono Boost)  
  22  2:14  Pylon  
  22  2:18  Warp Gate (Chrono Boost)  
  22  2:32  Adept  
  22  2:33  Mothership Core (Chrono Boost)  
  22  2:35  Adept  
  28  2:43  Pylon  
  28  2:51  Probe (Chrono Boost)  
  29  3:08  Probe (Chrono Boost), Twilight Council  
  30  3:18  Probe (Chrono Boost)  
  31  3:22  Robotics Facility  
  31  3:24  Probe (Chrono Boost)  
  32  3:29  Probe (Chrono Boost), Adept (Chrono Boost)  
  35  3:36  Adept (Chrono Boost)  
  37  3:47  Probe  
  37  3:48  Probe  
  39  3:50  Resonating Glaives (Chrono Boost)  
  38  4:04  Adept x2  
  42  4:17  Gateway x2, Probe  
  42  4:18  Probe  
  44  4:28  Dark Shrine  
  44  4:33  Assimilator  
  44  4:34  Assimilator  
  44  4:36  Probe (Chrono Boost)  
  44  4:38  Probe (Chrono Boost)  
  46  4:47  Pylon  
  46  4:52  Warp Prism (Chrono Boost)  
  48  5:01  Probe  
  48  5:02  Probe  
  50  5:17  Stalker  
  50  5:18  Stalker  
  50  5:19  Stalker  
  50  5:20  Stalker  
  58  5:47  Dark Templar x2  
  62  5:57  Pylon  
  62  5:59  Pylon  
  62  6:01  Pylon  
  52  6:45  Dark Templar x4  
  50  7:17  Gateway  
  50  7:18  Gateway  
  50  7:21  Gateway  
  50  7:22  Dark Templar x4  
  58  7:27  Pylon  
  58  7:28  Pylon  
  56  7:31  Nexus  
  46  7:40  Probe  
  46  7:41  Probe  
  48  7:45  Immortal (Chrono Boost)  
  48  7:48  Charge  
  48  7:50  Probe  
  52  7:53  Probe  
  54  8:01  Probe  
  55  8:19  Probe  
  55  8:20  Probe  
  55  8:25  Adept x3  
  55  8:26  Adept  
  63  8:47  Dark Templar  
  63  8:48  Dark Templar x3  
  67  8:52  Archon x2  
  65  9:07  Zealot x3  
  47  9:32  Stalker x2  
  47  9:33  Stalker x3  
  47  9:34  Stalker x2  
  51  9:49  Immortal (Chrono Boost)  
  53  10:00  Zealot  
  53  10:01  Zealot x5  
  65  10:12  Probe x2  
  65  10:14  Probe  
  68  10:26  Probe  
  67  10:47  Stalker x4  
  67  10:48  Stalker x2  
  72  11:11  Dark Templar x5  
  70  11:15  Archon x2  
  62  11:24  Zealot  
  56  11:35  Probe x2  
  58  11:44  Zealot x2  
  58  11:45  Zealot x4  
  70  11:51  Immortal (Chrono Boost)  
  74  12:07  Dark Templar x3  
  80  12:11  Archon  
  80  12:12  Archon  
  80  12:18  Zealot  
  80  12:19  Zealot  
  84  12:36  Nexus  
  84  12:48  Immortal (Chrono Boost)  
  88  12:53  Adept  
  90  13:00  Probe  
  90  13:01  Probe  
  92  13:07  Pylon  
  92  13:12  Pylon  
  92  13:26  Immortal (Chrono Boost)  
  96  13:33  Sentry x4  
  104  13:44  Dark Templar  
  104  13:47  Dark Templar  
  108  13:51  Archon  
  108  13:55  Probe x2  
  108  13:56  Probe  
  111  14:10  Observer (Chrono Boost)  
  111  14:15  Stalker x3  
  118  14:25  Dark Templar x2  
  118  14:29  Archon  
  122  14:39  Assimilator  
  122  14:41  Assimilator  
  122  14:43  Forge  
  122  14:45  Forge  
  86  15:44  Zealot x5  
  86  15:45  Zealot  
  98  15:56  Gateway  
  98  15:57  Gateway  
  98  15:59  Gateway  
  98  16:00  Gateway  
  98  16:03  Pylon  
  98  16:11  Dark Templar x3  
  100  16:12  Dark Templar x3  
  100  16:17  Nexus  
  106  16:48  Assimilator  
  106  16:57  Assimilator  
  96  17:01  Nexus  
Tags
 
Add a new tag
Caveats
  • Supply blocks, unpowered buildings, or Contaminate may cause inaccurate times.
  • Supply counts are checked every 10 seconds.